 Dungeon Crawl Stone Soup version 0.20.1-1-g8b1a95d (webtiles) character file.

13301 cochise the Bludgeoner (level 11, -2/104 HPs)
             Began as a Minotaur Monk on Sept 29, 2017.
             Was a High Priest of Okawaru.
             Shot with an arrow by a centaur warrior (9 damage)
             ... on level 12 of the Dungeon on Oct 4, 2017.
             The game lasted 01:02:52 (12239 turns).

cochise the Bludgeoner (Minotaur Monk)             Turns: 12239, Time: 01:02:53

Health: -2/104     AC: 11    Str: 24    XL:     11   Next: 73%
Magic:  10/10      EV: 13    Int: 11    God:    Okawaru [*****.]
Gold:   597        SH:  9    Dex: 12    Spells: 2/10 levels left

rFire    . . .     SeeInvis .   i - +1 mace (protect)
rCold    . . .     Gourm    .   e - +0 buckler {reflect}
rNeg     . . .     Faith    .   K - +1 leather armour of Lerel {Str+4}
rPois    +         Spirit   .   (helmet restricted)
rElec    .         Reflect  +   T - +1 cloak {rPois}
rCorr    .         Harm     .   v - +0 pair of gloves
MR       +....                  A - +0 pair of boots
Stlth    ++........             d - +5 amulet of reflection
Regen    0.3/turn               J - +4 ring of intelligence (curse)
MPRegen  0.2/turn               O - ring of protection from magic

@: no status effects
A: retaliatory headbutt, horns 2
a: Heroism, Finesse, Renounce Religion


You were on level 12 of the Dungeon.
You worshipped Okawaru.
Okawaru was extremely pleased with you.
You were not hungry.

You visited 2 branches of the dungeon, and saw 13 of its levels.

You collected 597 gold pieces.

Inventory:

Hand Weapons
 i - a +1 mace of protection (weapon)
 R - a +1 flail
Missiles
 w - 22 tomahawks (quivered)
Armour
 e - a +0 buckler of reflection (worn)
 v - a +0 pair of gloves (worn)
 A - a +0 pair of boots (worn)
 G - a +0 plate armour
 H - +0 acid dragon scales
 K - the +1 leather armour of Lerel (worn) {Str+4}
   (You found it on level 10 of the Dungeon)

   It affects your strength (+4).
 M - the +2 leather armour "Cuuzuos" {rPois Stlth+}
   (You found it on level 10 of the Dungeon)

   It protects you from poison.
   It makes you more stealthy.
 P - a +0 troll leather armour
 T - a +1 cloak of poison resistance (worn)
Jewellery
 d - a +5 amulet of reflection (around neck)
 J - a cursed +4 ring of intelligence (left hand)
 O - a ring of protection from magic (right hand)
Wands
 o - a wand of random effects (6/48)
 x - a wand of clouds (3/9)
 D - a wand of enslavement (16/24)
 L - a wand of confusion (12/48)
Scrolls
 a - 2 scrolls of fear {unknown}
 g - 2 scrolls of fog {unknown}
 h - 4 scrolls of immolation
 l - 2 scrolls of enchant armour {unknown}
 m - 3 scrolls of teleportation {unknown}
 p - 3 scrolls of identify
 q - 2 scrolls of blinking {unknown}
 s - 4 scrolls of magic mapping {unknown}
 u - a scroll of silence {unknown}
 B - a scroll of remove curse
 E - a scroll of recharging {unknown}
 F - a scroll of amnesia
 N - a scroll of enchant weapon {unknown}
Potions
 f - 2 potions of might
 n - 2 potions of agility
 r - a potion of haste
 z - a potion of brilliance {unknown}
 C - a potion of degeneration {unknown}
 I - a potion of lignification
Books
 y - a book of Changes

   Spells                             Type                      Level
   a - Beastly Appendage              Transmutation                1
   b - Sticks to Snakes               Transmutation                2
   c - Spider Form                    Transmutation/Poison         3
   d - Ice Form                       Ice/Transmutation            4
   e - Blade Hands                    Transmutation                5
 Q - a book of Maledictions

   Spells                             Type                      Level
   a - Corona                         Hexes                        1
   b - Ensorcelled Hibernation        Hexes/Ice                    2
   c - Confuse                        Hexes                        3
   d - Tukima's Dance                 Hexes                        3
   e - Dazzling Spray                 Conjuration/Hexes            3
 S - a book of Battle

   Spells                             Type                      Level
   a - Infusion                       Charms                       1
   b - Shroud of Golubria             Charms/Translocation         2
   c - Song of Slaying                Charms                       2
   d - Spectral Weapon                Hexes/Charms                 3
   e - Regeneration                   Charms/Necromancy            3
Comestibles
 b - 6 meat rations
 c - 7 bread rations
 j - 4 fruits
 k - a chunk of flesh
 t - 11 royal jellies


   Skills:
 + Level 12.1 Fighting
 + Level 15.0 Maces & Flails
 + Level 0.6 Throwing
 + Level 11.0 Armour
 + Level 3.5 Dodging
 + Level 1.8 Stealth
 + Level 3.0 Shields


You had 2 spell levels left.
You knew the following spells:

 Your Spells              Type           Power        Failure   Level  Hunger
a - Infusion              Chrm           #...         41%         1    ##.....
b - Shroud of Golubria    Chrm/Tloc      #.........   54%         2    ###....
c - Song of Slaying       Chrm           #.......     54%         2    ###....
d - Regeneration          Chrm/Necr      #.........   78%         3    ####...


Dungeon Overview and Level Annotations

Branches:
Dungeon (12/15)            Temple (1/1) D:5            Lair (0/6) D:11
    Orc: D:9-12

Altars:
Ashenzari
Cheibriados
Dithmenos
Elyvilon
Fedhas
Gozag
Hepliaklqana
Kikubaaqudgha
Makhleb
Nemelex Xobeh
Okawaru
Qazlal
Ru
Sif Muna
Trog
Uskayaw
Vehumet
Xom
Yredelemnul
Zin
The Shining One

Shops:
D:9 ?


Innate Abilities, Weirdness & Mutations

You reflexively headbutt those who attack you in melee.
You have a pair of horns on your head.


Message History

The centaur warrior moves out of view.
The centaur warrior shouts!
The centaur warrior wields a longbow.
The centaur warrior shoots an arrow.
The arrow misses you.
The centaur warrior shoots an arrow.
The arrow hits you!
* * * LOW HITPOINT WARNING * * *
The centaur warrior shoots an arrow.
You reflect the arrow off your +0 buckler of reflection!
The arrow hits the centaur warrior!!
A troll comes into view.
The troll shouts!
You see here an arrow.
The centaur warrior shoots an arrow.
You reflect the arrow off your +0 buckler of reflection!
The arrow hits the centaur warrior!!
The centaur warrior shoots an arrow.
The arrow hits you!!
* * * LOW HITPOINT WARNING * * *
The centaur warrior drinks a potion.
The centaur warrior is healed!
The centaur warrior shoots an arrow.
The arrow hits you!
You die...

########## ########
#........####.......
#........'.##...(...
#........#.##.......
#........#..#.....).
#........##.'.......
#..####........####.......
#....'.(......# #.......
######..@.....# #####'##
##..####### #.# ##..####
#(# #(.....# #)# #......#
#)# #......# #)# c......#
#(# .#......# ##)#
#.#......# #).#


You could see a centaur warrior.

Vanquished Creatures
  4 two-headed ogres
  2 ugly things (D:11)
  A manticore (D:11)
  A centaur zombie (D:7)
  4 trolls
  A hornet (D:8)
  3 hippogriffs
  Sigmund (D:3)
  2 hungry ghosts
  2 wyverns (D:8)
  5 yaks (D:11)
  A wraith (D:11)
  Grum (D:11)
  An acid dragon (D:9)
  A soldier ant (D:8)
  A porcupine (D:11)
  2 black bears
  2 ice beasts
  7 orc warriors
  4 phantoms
  3 sky beasts
  4 ogres
  A necrophage (D:8)
  3 centaurs
  2 wolves (D:11)
  3 crocodiles (D:11)
  2 big kobolds
  9 bullfrogs
  5 scorpions
  10 wights
  2 howler monkeys
  2 crimson imps
  2 hounds
  6 jellies
  5 orc priests
  11 orc wizards
  2 bullfrog skeletons
  6 iguanas
  8 worker ants
  Natasha (D:3)
  A hound zombie (D:7)
  A worker ant zombie (D:6)
  Robin (D:4)
  14 adders
  A howler monkey skeleton (D:6)
  7 gnolls
  2 shadow imps
  2 oozes
  An adder zombie (D:6)
  An adder skeleton (D:4)
  2 worms (D:3)
  2 dart slugs
  4 leopard geckos
  46 orcs
  8 giant cockroaches
  17 goblins
  8 hobgoblins
  18 jackals
  20 kobolds
  6 quokkas
  6 bats
  3 frilled lizards
  A leopard gecko skeleton (D:9)
  A quokka skeleton (D:5)
  5 rats
311 creatures vanquished.

Vanquished Creatures (others)
  A kobold (D:12)
  2 fungi (D:11)
  A plant (D:11)
4 creatures vanquished.

Grand Total: 315 creatures vanquished

Notes
Turn   | Place    | Note
-------+----------+-------------------------------------------
     0 | D:1      | cochise the Minotaur Monk began the quest for the Orb.
     0 | D:1      | Reached XP level 1. HP: 19/19 MP: 0/0
    54 | D:1      | Reached XP level 2. HP: 23/27 MP: 1/1
   173 | D:1      | Reached skill level 4 in Maces & Flails
   800 | D:2      | Reached XP level 3. HP: 15/33 MP: 2/2
   802 | D:2      | Reached skill level 1 in Armour
  1298 | D:2      | Reached XP level 4. HP: 37/40 MP: 3/3
  1305 | D:2      | Reached skill level 5 in Maces & Flails
  1513 | D:2      | You fall through a shaft!
  1692 | D:3      | Noticed Natasha
  1696 | D:3      | Killed Natasha
  1869 | D:3      | Reached XP level 5. HP: 47/47 MP: 4/4
  1883 | D:3      | Noticed Sigmund
  1909 | D:3      | Killed Sigmund
  1909 | D:3      | Reached skill level 5 in Fighting
  1909 | D:3      | Reached skill level 6 in Maces & Flails
  1909 | D:3      | Reached XP level 6. HP: 19/56 MP: 5/5
  2652 | D:4      | Reached skill level 7 in Maces & Flails
  2816 | D:4      | Reached XP level 7. HP: 60/61 MP: 6/6
  3564 | D:4      | Noticed Robin
  3607 | D:4      | Killed Robin
  3741 | D:5      | Entered Level 5 of the Dungeon
  3765 | D:5      | Reached skill level 8 in Maces & Flails
  3808 | D:5      | Reached skill level 5 in Armour
  3860 | D:5      | Reached XP level 8. HP: 27/71 MP: 7/7
  4193 | D:5      | Reached skill level 9 in Maces & Flails
  4734 | D:5      | Found a staircase to the Ecumenical Temple.
  4743 | Temple   | Entered the Ecumenical Temple
  4857 | Temple   | Became a worshipper of Warmaster Okawaru
  4857 | Temple   | Reached * piety under Okawaru
  4857 | Temple   | Reached ** piety under Okawaru
  5320 | D:6      | Reached skill level 10 in Maces & Flails
  5685 | D:6      | Reached XP level 9. HP: 75/80 MP: 8/8
  6077 | D:7      | Got a brightly glowing robe
  6092 | D:7      | Identified the cursed +1 robe of Rusyl {-Cast +Blink Regen+} (You found it on level 7 of the Dungeon)
  6142 | D:7      | Reached skill level 11 in Maces & Flails
  6149 | D:7      | Reached *** piety under Okawaru
  6299 | D:7      | Found a shimmering altar of Xom.
  6950 | D:8      | Reached skill level 12 in Maces & Flails
  7353 | D:8      | Reached **** piety under Okawaru
  7368 | D:8      | Noticed a two-headed ogre
  7385 | D:8      | Killed a two-headed ogre
  7385 | D:8      | Reached XP level 10. HP: 41/91 MP: 9/9
  7954 | D:8      | Received a gift from Okawaru
  8111 | D:8      | Noticed a two-headed ogre
  8122 | D:8      | Killed a two-headed ogre
  8122 | D:8      | Reached ***** piety under Okawaru
  8122 | D:8      | Reached skill level 13 in Maces & Flails
  8241 | D:8      | Reached skill level 10 in Fighting
  8897 | D:9      | Found Cetaef's Magic Scroll Shoppe.
  8945 | D:9      | Found a sparkling altar of Nemelex Xobeh.
  8956 | D:9      | Noticed a two-headed ogre
  8964 | D:9      | Killed a two-headed ogre
  8964 | D:9      | Reached skill level 14 in Maces & Flails
  9931 | D:10     | Entered Level 10 of the Dungeon
 10101 | D:10     | Reached XP level 11. HP: 101/101 MP: 10/10
 10197 | D:10     | Noticed a two-headed ogre
 10208 | D:10     | Killed a two-headed ogre
 10208 | D:10     | Reached skill level 10 in Armour
 10355 | D:10     | Got an ancient leather armour
 10367 | D:10     | Identified the +1 leather armour of Lerel {Str+4} (You found it on level 10 of the Dungeon)
 10633 | D:10     | Got a polished leather armour
 10634 | D:10     | Identified the +2 leather armour "Cuuzuos" {rPois Stlth+} (You found it on level 10 of the Dungeon)
 10883 | D:11     | Found a burning altar of Makhleb.
 10965 | D:11     | Noticed Grum
 10983 | D:11     | Killed Grum
 11110 | D:11     | Learned a level 1 spell: Infusion
 11113 | D:11     | Learned a level 2 spell: Shroud of Golubria
 11116 | D:11     | Learned a level 2 spell: Song of Slaying
 11120 | D:11     | Learned a level 3 spell: Regeneration
 11159 | D:11     | Found a staircase to the Lair.
 11170 | D:11     | Reached ****** piety under Okawaru
 11170 | D:11     | Received a gift from Okawaru
 11191 | D:11     | Reached skill level 1 in Shields
 11381 | D:11     | Noticed a red ugly thing
 11398 | D:11     | Killed a red ugly thing
 11769 | D:11     | Noticed a red ugly thing
 11784 | D:11     | Killed a red ugly thing
 11891 | D:11     | Reached skill level 15 in Maces & Flails
 12232 | D:12     | Noticed a centaur warrior
 12239 | D:12     | Shot with an arrow by a centaur warrior

Skill      XL: |  1  2  3  4  5  6  7  8  9 10 11 |
---------------+----------------------------------+-----
Maces & Flails | 4 5 6 7 8 10 12 14 15 | 15.0
Fighting       | 4 5 6 7 9 10 12 | 12.1
Armour         | 1 2 3 5 6 8 9 11 | 11.0
Shields        | 3 |  3.0
Throwing       | |  0.6
Dodging        | |  3.5
Stealth        | |  1.8

Action                   |  1- 3 |  4- 6 |  7- 9 | 10-12 || total
-------------------------+-------+-------+-------+-------++-------
Melee: Mace              |    54 |   132 |   479 |   527 ||  1192
       Headbutt          |     5 |    26 |    87 |   145 ||   263
Throw: Tomahawk          |       |       |       |    31 ||    31
Invok: Finesse           |       |       |       |     2 ||     2
       Heroism           |       |       |       |     1 ||     1
Evoke: Wand              |       |       |     3 |       ||     3
  Use: Potion            |     2 |       |     1 |    12 ||    15
       Scroll            |     1 |     1 |     6 |     5 ||    13
 Stab: Sleeping          |     1 |       |       |       ||     1
  Eat: Chunk             |     1 |     5 |    15 |    13 ||    34
       Meat ration       |       |       |       |     1 ||     1
Armor: Leather armour    |     8 |       |       |    82 ||    90
       Scale mail        |    11 |    20 |       |       ||    31
       Chain mail        |       |    45 |   212 |    32 ||   289
       Plate armour      |       |       |       |    81 ||    81
Dodge: Dodged            |    41 |    71 |   134 |   181 ||   427
Block: Other             |       |    27 |    55 |       ||    82
       Shield            |       |       |    46 |       ||    46
       Reflection        |       |       |     2 |    15 ||    17
       Buckler           |       |       |    29 |   186 ||   215
